 Dungeon Crawl Stone Soup version 0.17-a0-1515-gfae3d72 (webtiles) character file.

2156 patman the Frost Mage (level 9, 0/76 HPs)
             Began as an Octopode Ice Elementalist on July 12, 2015.
             Was a Priest of Vehumet.
             Slain by a centaur (4 damage)
             ... on level 7 of the Dungeon.
             The game lasted 00:21:51 (7356 turns).

patman the Frost Mage (Octopode Ice Elementalist)   Turns: 7356, Time: 00:21:51

Health: 0/76       AC: 29    Str:  7      XL:     9   Next: 31%
Magic:  12/12      EV:  2    Int: 20      God:    Vehumet [***...]
Gold:   10         SH:  0    Dex: 23 (24) Spells: 4 memorised, 2 levels left

rFire  . . .     SeeInvis .     a - +2 dagger (protect)
rCold  . . .     Clarity  .     (no shield)
rNeg   + + +     SustAt   .     (helmet currently unavailable)
rPois  +         Gourm    .     (no amulet)
rElec  .         Spirit   .     i - +6 ring of dexterity
rCorr  .         Warding  .     p - ring of poison resistance
rMut   .         NoTele   +     (no ring)
MR     .....                    (no ring)
Stlth  ++........               (no ring)
                                (no ring)
                                (no ring)
                                (no ring)

@: confused, agile, tree-form, not resistant to hostile enchantments, unstealthy
A: almost no armour, amphibious, 8 rings, (constrict 8), (camouflage 0),
(gelatinous body 0)
a: Renounce Religion


You were on level 7 of the Dungeon.
You worshipped Vehumet.
Vehumet was most pleased with you.
You were not hungry.
You were a tree.
You visited 2 branches of the dungeon, and saw 8 of its levels.

You collected 230 gold pieces.
You spent 220 gold pieces at shops.

Inventory:

Hand weapons
 a - a +2 dagger of protection (weapon)
 c - a +1 whip of holy wrath
 o - a +0 blowgun
 q - a +0 rapier
Missiles
 s - 6 poisoned needles
 B - 7 javelins (quivered)
Jewellery
 i - a +6 ring of dexterity (left branch)
 p - a ring of poison resistance (right branch)
Magical devices
 m - a wand of frost (16)
 t - a wand of frost (19)
 x - a wand of draining (10)
 z - a wand of lightning (7)
Scrolls
 d - a scroll of remove curse
 f - a scroll of blinking {unknown}
 h - a scroll of enchant weapon
 l - a scroll of teleportation
 n - a scroll of enchant armour {unknown}
 y - a scroll of fear
 C - a scroll of recharging {unknown}
Potions
 g - a potion of flight
 w - a potion of haste {unknown}
Books
 k - a book of Frost

   Spells                             Type                      Level
   a - Freeze                         Ice                          1
   b - Throw Frost                    Conjuration/Ice              2
   c - Ozocubu's Armour               Charms/Ice                   3
   d - Throw Icicle                   Conjuration/Ice              4
   e - Summon Ice Beast               Ice/Summoning                4
   f - Condensation Shield            Ice                          4
 r - a Young Poisoner's Handbook

   Spells                             Type                      Level
   a - Sting                          Conjuration/Poison           1
   b - Cure Poison                    Poison                       2
   c - Mephitic Cloud                 Conjuration/Poison/Air       3
   d - Olgreb's Toxic Radiance        Poison                       4
   e - Venom Bolt                     Conjuration/Poison           5
Comestibles
 b - 5 bread rations
 A - 2 chunks of flesh


   Skills:
 - Level 2.0 Dodging
 - Level 2.6 Stealth
 - Level 2.0 Spellcasting
 * Level 8.4 Conjurations
 + Level 9.2 Ice Magic


You had 2 spell levels left.
You knew the following spells:

 Your Spells              Type           Power        Failure   Level  Hunger
a - Freeze                Ice            ####         1%          1    #......
c - Throw Frost           Conj/Ice       #####.       1%          2    ##.....
d - Throw Icicle          Conj/Ice       #####...     1%          4    #####..
O - Ozocubu's Armour      Chrm/Ice       ###.....     10%         3    ###....


Dungeon Overview and Level Annotations

Branches:
Dungeon (7/15)             Temple (1/1) D:4

Altars:
Ashenzari
Elyvilon
Fedhas
Gozag
Kikubaaqudgha
Makhleb
Nemelex Xobeh
Okawaru
Ru
Trog
Vehumet
Xom
Yredelemnul
Zin
The Shining One

Shops:
D:6 =

Annotations:
D:3 exclusions: door, jackal, kobold and ogre, patman's ghost, average OpIE


Innate Abilities, Weirdness & Mutations

You cannot wear most types of armour.
You are amphibious.
You can wear up to eight rings at the same time.
((You can use your tentacles to constrict eight enemies at once.))
((Your skin changes colour to match your surroundings (Stealth).))
((Your rubbery body absorbs attacks (AC +1).))


Message History

The giant frog hits you but does no damage. x2
Unknown command.
You nearly hit yourself!
The centaur barely misses you.
The giant frog hits you but does no damage. x2
The centaur hits you but does no damage.
The giant frog hits you but does no damage.
A black bear comes into view.
Unknown command.
You cannot move. (Use ctrl+direction to attack without moving.)
You swing at nothing.
The giant frog hits you but does no damage.
The centaur hits you.
* * * LOW HITPOINT WARNING * * *
The giant frog hits you but does no damage. x2
Unknown command.
The black bear growls angrily.
You hit the centaur but do no damage.
The centaur is severely wounded.
The centaur hits you.
You die...

##...##..# ##..
##.####.# ##
#.# #.# # ###
#.## .# #..# .#
###..##s.#
#.###.......h..
#....Fc..####!
#.####♣F## ..
#..# ## #.##
..# ..# ...#
..## #..


You could see a black bear, 2 giant frogs, a centaur and a scorpion.

Vanquished Creatures
  Grinder (D:3)
  Eustachio (D:4)
  2 phantoms
  An ogre (D:6)
  A centaur (D:5)
  A necrophage (D:6)
  2 giant frogs (D:6)
  2 jellies (D:6)
  A scorpion (D:4)
  3 crimson imps
  4 wights (D:6)
  A centaur zombie (D:4)
  A giant frog skeleton (D:5)
  2 hounds (D:4)
  2 orc priests (D:4)
  An orc wizard (D:4)
  A quasit (D:7)
  2 iguanas
  6 worker ants
  Terence (D:2)
  A hell rat (D:5)
  2 worker ant zombies
  7 gnolls
  7 river rats (D:5)
  4 shadow imps
  6 adders
  3 oozes
  An adder zombie (D:6)
  A worm (D:2)
  3 giant geckos
  8 orcs
  A bat skeleton (D:5)
  7 giant cockroaches
  12 goblins
  9 hobgoblins
  3 jackals
  4 quokkas
  A ball python (D:3)
  13 bats
  A giant gecko skeleton (D:6)
  6 giant newts
  A jackal skeleton (D:5)
  14 kobolds
  A quokka skeleton (D:4)
  32 rats
184 creatures vanquished.

Vanquished Creatures (others)
  A quokka (D:4)
1 creature vanquished.

Grand Total: 185 creatures vanquished

Notes
Turn   | Place    | Note
--------------------------------------------------------------
     0 | D:1      | patman the Octopode Ice Elementalist began the quest for the Orb.
     0 | D:1      | Reached XP level 1. HP: 11/11 MP: 3/3
   560 | D:1      | Reached XP level 2. HP: 17/17 MP: 1/5
   928 | D:1      | Reached skill level 4 in Ice Magic
  1054 | D:2      | Reached XP level 3. HP: 16/21 MP: 6/6
  1308 | D:2      | Noticed Terence
  1322 | D:2      | Killed Terence
  1322 | D:2      | Reached XP level 4. HP: 21/27 MP: 1/7
  1668 | D:2      | Reached skill level 5 in Ice Magic
  2034 | D:3      | Noticed an ogre
  2047 | D:3      | Learned a level 3 spell: Ozocubu's Armour
  2424 | D:3      | Noticed patman's ghost (average OpIE)
  2615 | D:3      | Noticed Grinder
  2623 | D:3      | Paralysed by Grinder for 5 turns
  2637 | D:3      | Killed Grinder
  2637 | D:3      | Reached skill level 6 in Ice Magic
  2637 | D:3      | Reached XP level 5. HP: 17/31 MP: 4/8
  2637 | D:3      | Reached XP level 6. HP: 19/36 MP: 4/9
  2663 | D:3      | Learned a level 2 spell: Throw Frost
  2781 | D:4      | Found a staircase to the Ecumenical Temple.
  2788 | D:4      | Reached skill level 7 in Ice Magic
  2922 | Temple   | Entered the Ecumenical Temple
  3084 | Temple   | Became a worshipper of Vehumet
  3122 | D:4      | Found a white marble altar of Elyvilon.
  3328 | D:4      | Noticed Eustachio
  3339 | D:4      | Killed Eustachio
  3339 | D:4      | Reached XP level 7. HP: 39/41 MP: 4/10
  3376 | D:4      | Found a sacrificial altar of Ru.
  3579 | D:4      | Found a glowing silver altar of Zin.
  3610 | D:4      | Found an opulent altar of Gozag.
  3903 | D:4      | Acquired Vehumet's first power
  3903 | D:4      | Offered knowledge of Flame Tongue by Vehumet.
  3914 | D:4      | Reached XP level 8. HP: 46/46 MP: 11/11
  3994 | D:4      | Found an iron altar of Okawaru.
  4003 | D:4      | Reached skill level 5 in Conjurations
  4036 | D:4      | Learned a level 4 spell: Throw Icicle
  4173 | D:5      | Entered Level 5 of the Dungeon
  4269 | D:5      | Reached skill level 8 in Ice Magic
  4866 | D:5      | Offered knowledge of Searing Ray by Vehumet.
  5305 | D:5      | Offered knowledge of Throw Flame by Vehumet.
  5340 | D:6      | Acquired Vehumet's second power
  5827 | D:6      | Reached XP level 9. HP: 51/51 MP: 2/12
  5943 | D:6      | Found Zixteo Dacill's Jewellery Boutique.
  6110 | D:6      | Reached skill level 9 in Ice Magic
  6122 | D:6      | Offered knowledge of Ignite Poison by Vehumet.
  7064 | D:6      | Bought an uncursed ring of poison resistance for 220 gold pieces
  7356 | D:7      | Slain by a centaur

Vault maps used:
D:1:      noname_arrival_rooms_in_the_neighbourhood
D:2:      uniq_terence
D:3:      first_bread, hangedman_feature_mirror, minivault_24,
          minmay_statues_item, uniq_grinder
D:4:      okawaru_metal_pillars_1_2, kennysheep_mini, old_standard_altar,
          elyvilon_altar_4, minmay_temple_entry_statues_fountains,
          hangedman_glass_teeth, nicolae_ru_awakened_eye, uniq_eustachio
D:5:      lemuel_ratsnest
D:6:      serial_shops, shop
D:7:      nicolae_overflow_hidden_temple, grunt_ogre_cave
Temple:   bh_familiar_temple

Action                   |  1- 3 |  4- 6 |  7- 9 || total
-------------------------+-------+-------+-------++-------
Melee: Unarmed           |    18 |       |       ||    18
       Dagger            |    43 |    80 |   323 ||   446
       Whip              |       |     3 |    18 ||    21
 Cast: Freeze            |     6 |    13 |    40 ||    59
       Ozocubu's Armour  |       |     4 |    24 ||    28
       Throw Frost       |       |       |     5 ||     5
       Throw Icicle      |       |       |     8 ||     8
Evoke: Wand              |       |     3 |       ||     3
  Use: Scroll            |       |     3 |     5 ||     8
       Potion            |       |     1 |     5 ||     6
 Stab: Sleeping          |     9 |    15 |    21 ||    45
       Distracted        |       |       |     1 ||     1
  Eat: Chunk             |     1 |     2 |    12 ||    15
       Meat ration       |       |     1 |     1 ||     2
       Pizza             |       |       |     2 ||     2
       Beef jerky        |       |       |     1 ||     1
